 Dungeon Crawl Stone Soup version 0.21.1-1-g345015fe64 (webtiles) character file.

2585 yesterday the Black Crusader (level 9, -3/54 HPs)
             Began as an Octopode Assassin on July 8, 2018.
             Was a Priest of Yredelemnul.
             Hit by a stone thrown by an orc warrior (18 damage)
             ... on level 7 of the Dungeon.
             The game lasted 00:50:59 (7952 turns).

yesterday the Black Crusader (Octopode Assassin)    Turns: 7952, Time: 00:51:00

Health: -3/54      AC:  1    Str: 10    XL:     9   Next: 58%
Magic:  16/16      EV: 13    Int: 11    God:    Yredelemnul [***...]
Gold:   426        SH:  0    Dex: 20    Spells: 8/8 levels left

rFire    + . .     SeeInvis .   b - +0 blowgun
rCold    x . .     Gourm    .   (no shield)
rNeg     . . .     Faith    .   (helmet restricted)
rPois    .         Spirit   .   (no amulet)
rElec    .         Reflect  .   j - +3 ring of dexterity
rCorr    .         Harm     .   p - ring of fire
MR       .....                  y - ring of wizardry
Stlth    ++++......             (no ring)
HPRegen  0.18/turn              (no ring)
MPRegen  0.15/turn              (no ring)
                                (no ring)
                                (no ring)

@: no status effects
A: almost no armour, stealthy swim, amphibious, 8 rings, constrict 8, camouflage
1, dopey 1, sense surroundings 1, gelatinous body 1
a: Recall Undead Slaves, Injury Mirror, Animate Dead, Renounce Religion


You were on level 7 of the Dungeon.
You worshipped Yredelemnul.
Yredelemnul was most pleased with you.
You were not hungry.

You visited 1 branch of the dungeon, and saw 7 of its levels.

You collected 426 gold pieces.

Inventory:

Hand Weapons
 a - a +3 dagger
 b - a +0 blowgun (weapon)
 c - a +1 dagger of holy wrath
 v - a +0 spear
 B - a cursed +0 short sword
Missiles
 e - 18 poisoned needles (quivered)
 i - 170 stones
 r - 5 exploding tomahawks
 u - a curare-tipped needle
 C - 8 javelins
Armour
 x - a +0 troll leather armour {Purgy}
 E - a +2 ring mail of magic resistance
Jewellery
 j - a +3 ring of dexterity (left tentacle)
 o - an uncursed ring of fire
 p - a ring of fire (right tentacle)
 y - a ring of wizardry (on tentacle)
Wands
 h - a wand of polymorph (17)
 A - a wand of flame (13)
Scrolls
 d - a scroll of immolation {unknown}
 g - a scroll of fear {unknown}
 l - 7 scrolls of remove curse
 m - a scroll of enchant weapon
 n - 2 scrolls of magic mapping
 t - a scroll of random uselessness
 w - 2 scrolls of identify {unknown}
 z - 3 scrolls of amnesia {unknown}
 D - a scroll of teleportation
 F - a scroll of fog
Potions
 k - 2 potions of curing
 q - a potion of degeneration
 s - 2 potions of brilliance {unknown}
Books
 G - a book of Misfortune

   Spells                             Type                      Level
   a - Confusing Touch                Hexes                        1
   b - Confuse                        Hexes                        3
   c - Gell's Gravitas                Translocation                3
   d - Petrify                        Transmutation/Earth          4
   e - Metabolic Englaciation         Hexes/Ice                    5
   f - Yara's Violent Unravelling     Hexes/Transmutation          5
 H - a book of Changes

   Spells                             Type                      Level
   a - Beastly Appendage              Transmutation                1
   b - Sticks to Snakes               Transmutation                2
   c - Spider Form                    Transmutation/Poison         3
   d - Ice Form                       Ice/Transmutation            4
   e - Blade Hands                    Transmutation                5
Comestibles
 f - 5 rations
 I - 2 chunks of flesh


   Skills:
 - Level 2.0 Fighting
 - Level 2.0 Short Blades
 + Level 8.5 Throwing
 - Level 1.0 Dodging
 - Level 5.5 Stealth
 * Level 9.6 Invocations
 + Level 3.7 Evocations


You had 8 spell levels left.
You didn't know any spells.

Dungeon Overview and Level Annotations

Branches:
Dungeon (7/15)             Temple (0/1) D:6

Altars:
Cheibriados
Dithmenos
Gozag
Hepliaklqana
Kikubaaqudgha
Sif Muna
Uskayaw
Vehumet
Xom
Yredelemnul

Shops:
D:4 *   D:5 }


Innate Abilities, Weirdness & Mutations

You cannot wear most types of armour.
You are very stealthy in the water. (Stealth+)
You are amphibious.
You can wear up to eight rings at the same time.
You can use your tentacles to constrict eight enemies at once.
Your skin changes colour to match your surroundings (Stealth+).
Your rubbery body absorbs attacks. (AC +1, EV +1)
You are dopey. (Int -2)
You passively map a small area around you.


Message History

Something hits the orc warrior but does no damage.
Your scorpion zombie misses the orc warrior.
The orc warrior throws a stone.
The stone barely misses your scorpion zombie.
The stone misses you.
Something hits the orc warrior but does no damage.
Your scorpion zombie barely misses the orc warrior.
The orc warrior throws a stone.
The stone hits your scorpion zombie.
Something closely misses the orc warrior.
Your scorpion zombie misses the orc warrior.
Wield which item (- for none, * to show all)? (? for menu, Esc to quit)
b - a +0 blowgun (weapon)
The orc warrior throws a stone.
The stone hits you!
* * * LOW HITPOINT WARNING * * *
Your scorpion zombie hits the orc warrior.
You feel better.
Your kobold zombie hits the orc warrior but does no damage.
The orc warrior throws a stone.
The stone hits you!!
You die...
Your body rises from the dead as a mindless zombie.

##..........# .####.>....)...#*
*, ....#..........# *
#............## ,
#####...........# .. #.#
#.......(...### #.# ###*
#..###.....(..#...# *#..# ...
#....)(.....(####.###..#
###.###..(#o....@....#.....###*
...Z).....ZZ##[...............
**#..(##...(..................
###.(..)####................ *
###..)..##.......######### ,,
#..#...##.......#
#.....####....<###### ###..#
#.###...# .... *#.# ###.###


You could see an orc warrior, a friendly scorpion zombie and a friendly kobold
zombie.

Vanquished Creatures
  An ugly thing (D:6)
  Sigmund (D:5)
  Duvessa (D:4)
  An orc warrior (D:6)
  An ice beast (D:5)
  A sky beast (D:7)
  2 ogres
  A black bear (D:7)
  A big kobold (D:7)
  Dowan (D:4)
  2 scorpions
  2 jellies (D:2)
  2 hounds
  Crazy Yiuf (D:5)
  2 orc priests
  3 bullfrog skeletons
  Natasha (twice) (D:3 D:2)
  4 orc wizards
  4 worker ants
  3 hound skeletons
  4 gnolls
  9 adders
  10 oozes
  An adder skeleton (D:4)
  2 worms
  3 dart slugs (D:1)
  6 leopard geckos
  13 orcs
  2 ball pythons (D:4)
  7 bats
  2 giant cockroaches
  7 hobgoblins
  9 jackals
  15 kobolds
  2 quokkas
  4 frilled lizards
  6 goblins
  A leopard gecko skeleton (D:3)
  9 rats
148 creatures vanquished.

Vanquished Creatures (collateral kills)
  A hippogriff (D:7)
  The ghost of heresey83 the Magician, an amateur DEWz (D:4)
  Purgy (D:4)
  An ogre (D:4)
  The ghost of heresey83 the Firebug, an amateur DrFE (D:3)
  A centaur skeleton (D:5)
  A worker ant (D:4)
  An adder (D:4)
  A shadow imp (D:3)
  An orc (D:7)
  A quokka (D:7)
  A kobold (D:7)
12 creatures vanquished.

Vanquished Creatures (others)
  A hippogriff skeleton (D:7)
  A black bear zombie (D:7)
  A sky beast zombie (D:7)
  A troll zombie (D:4)
  A hound zombie (D:5)
  2 worker ant zombies
  2 adder zombies
  An elf zombie (D:4)
  A human zombie (D:5)
  An adder skeleton (D:3)
  A gnoll zombie (D:3)
  3 jackal zombies
  4 kobold zombies
  4 orc zombies
  A quokka skeleton (D:7)
  A quokka zombie (D:4)
  A rat zombie (D:3)
  3 fungi (D:2)
  5 toadstools (D:2)
35 creatures vanquished.

Grand Total: 195 creatures vanquished

Notes
Turn   | Place    | Note
-------+----------+-------------------------------------------
     0 | D:1      | yesterday the Octopode Assassin began the quest for the Orb.
     0 | D:1      | Reached XP level 1. HP: 14/14 MP: 1/1
   227 | D:1      | Reached XP level 2. HP: 17/19 MP: 2/2
   799 | D:3      | Found a shimmering altar of Xom.
   799 | D:3      | Noticed Natasha
   806 | D:3      | Killed Natasha
   806 | D:3      | Reached XP level 3. HP: 24/24 MP: 3/3
   841 | D:3      | Noticed Natasha
   867 | D:3      | Reached XP level 4. HP: 18/29 MP: 4/4
  1172 | D:2      | Found a basalt altar of Yredelemnul.
  1178 | D:2      | Became a worshipper of Yredelemnul the Dark
  1554 | D:2      | Reached XP level 5. HP: 27/34 MP: 5/5
  1650 | D:2      | Reached skill level 5 in Throwing
  1938 | D:2      | Reached * piety under Yredelemnul
  2892 | D:2      | Killed Natasha
  2892 | D:2      | Reached skill level 1 in Invocations
  2892 | D:2      | Reached XP level 6. HP: 20/39 MP: 6/6
  3424 | D:3      | Reached skill level 2 in Invocations
  3476 | D:3      | Noticed heresey83's ghost (amateur DrFE)
  3858 | D:4      | Found an ancient bone altar of Kikubaaqudgha.
  3890 | D:4      | Found a snail-covered altar of Cheibriados.
  4036 | D:4      | Found a shadowy altar of Dithmenos.
  4049 | D:4      | Noticed Duvessa
  4049 | D:4      | Noticed Dowan
  4080 | D:4      | Killed Dowan
  4080 | D:4      | Reached skill level 3 in Invocations
  4104 | D:4      | Killed Duvessa
  4104 | D:4      | Reached skill level 4 in Invocations
  4104 | D:4      | Reached XP level 7. HP: 19/45 MP: 8/10
  4243 | D:4      | Reached skill level 5 in Invocations
  4264 | D:4      | Your ally Dowan died
  4331 | D:4      | Noticed Purgy
  4353 | D:4      | Killed Purgy
  4416 | D:4      | Noticed heresey83's ghost (amateur DEWz)
  4430 | D:4      | Your ally Purgy died
  4434 | D:4      | Killed heresey83's ghost
  4434 | D:4      | Reached XP level 8. HP: 43/50 MP: 12/12
  4481 | D:4      | Found a deep blue altar of Sif Muna.
  4651 | D:4      | Found Mobi's General Store.
  4822 | D:3      | Found an opulent altar of Gozag.
  4914 | D:3      | Killed heresey83's ghost
  4914 | D:3      | Reached skill level 6 in Invocations
  4950 | D:3      | Reached ** piety under Yredelemnul
  5328 | D:5      | Entered Level 5 of the Dungeon
  5411 | D:5      | Noticed Sigmund
  5856 | D:5      | Gained mutation: You are dopey. (Int -2) [potion of mutation]
  5856 | D:5      | Gained mutation: You passively map a small area around you. [potion of mutation]
  5864 | D:5      | Killed Sigmund
  5864 | D:5      | Reached skill level 7 in Invocations
  5874 | D:5      | Found a runed door.
  5878 | D:5      | Noticed Crazy Yiuf
  5882 | D:5      | Killed Crazy Yiuf
  5962 | D:5      | Found a hide-covered altar of Uskayaw.
  6006 | D:5      | Your ally Sigmund died
  6140 | D:5      | Found Unoridgh's Gadget Emporium.
  6338 | D:6      | Reached skill level 8 in Invocations
  6338 | D:6      | Reached skill level 1 in Evocations
  6529 | D:6      | Noticed a purple ugly thing
  6650 | D:6      | Found a radiant altar of Vehumet.
  6836 | D:6      | Reached XP level 9. HP: 32/54 MP: 15/15
  6952 | D:6      | Found a staircase to the Ecumenical Temple.
  7435 | D:6      | Killed a purple ugly thing
  7435 | D:6      | Reached skill level 9 in Invocations
  7798 | D:7      | Found a hazy altar of Hepliaklqana.
  7895 | D:7      | Reached *** piety under Yredelemnul
  7952 | D:7      | Hit by a stone thrown by an orc warrior

Skill      XL: |  1  2  3  4  5  6  7  8  9 |
---------------+----------------------------+-----
Throwing       | 3 4 5 6 7 8 |  8.5
Invocations    | 1 4 5 8 9 |  9.6
Evocations     | 1 3 |  3.7
Fighting       | |  2.0
Short Blades   | |  2.0
Dodging        | |  1.0
Stealth        | |  5.5

Action                   |  1- 3 |  4- 6 |  7- 9 || total
-------------------------+-------+-------+-------++-------
Melee: Dagger            |    24 |   103 |   146 ||   273
       Tentacles         |     3 |    22 |    26 ||    51
       Constrict         |     5 |    20 |    34 ||    59
       Spear             |       |       |    25 ||    25
       Unarmed           |       |       |    10 ||    10
 Fire: Blowgun           |     9 |    23 |    31 ||    63
Throw: Stone             |       |    21 |       ||    21
       Javelin           |       |     2 |    23 ||    25
Invok: Animate Remains   |       |     5 |    32 ||    37
       Animate Dead      |       |       |     1 ||     1
Evoke: Wand              |       |       |     3 ||     3
  Use: Scroll            |       |     3 |     4 ||     7
       Potion            |       |     2 |     6 ||     8
 Stab: Sleeping          |     5 |    12 |    25 ||    42
       Distracted        |     1 |       |     1 ||     2
  Eat: Chunk             |       |    11 |    15 ||    26
       Ration            |       |       |     2 ||     2
Armor: Skin              |     3 |    11 |    31 ||    45
Dodge: Dodged            |    18 |    84 |    93 ||   195
